AoeStats
← ME_DEPRIME_JUGAR_CON_USTEDES

Socotra

506532156Analyzed
3v3 RM · 18d ago on Sep 13, 2026· 33m 2s· 6 players
Game mode
Random Map
Map size
128×128
Population
200
Speed
Normal
Resources
Standard
Victory
Conquest
Starting age
Dark Age
Ending age
Imperial Age
RankedLock teamsTeams togetherTeam positionsShared explorationLock speedFull tech treeHidden civsTurbo modeCheats
Victory
Defeat
🇦🇷 Wu · Argentina
1581
+13
🇦🇷 Muisca · Argentina
1474
+18
🇦🇷 Chinese · Argentina
1437
+19
1561
-19
🇦🇷 Sicilians · Argentina
1484
-16
🇦🇷 Dravidians · Argentina
1483
-15
Ds3.EzE
5:55 Loom
8:33 Feudal Age
6:48 Loom
9:16 Double-Bit Axe
10:18 Town Watch
15:23 Scale Barding Armor
17:21 Wheelbarrow
17:33 Forging
21:09 Castle Age
19:54 Bloodlines
19:56 Horse Collar
20:11 Gold Mining
22:22 Chain Barding Armor
22:31 Husbandry
25:25 Hand Cart
27:53 Bow Saw
Ds3.Marco Van Basten
0:27 Loom
10:18 Feudal Age
12:35 Double-Bit Axe
12:45 Fletching
20:17 Wheelbarrow
25:00 Castle Age
24:06 Gold Mining
24:02 Double-Bit Axe
24:55 Padded Archer Armor
25:04 Crossbowman
25:47 Bodkin Arrow
27:47 Ballistics
29:02 Thumb Ring
Ds3.Zepequeño_Dog
2:03 Loom
10:40 Feudal Age
14:04 Fletching
21:01 Wheelbarrow
24:18 Castle Age
23:18 Padded Archer Armor
24:59 Bodkin Arrow
25:11 Thumb Ring
24:59 Crossbowman
28:58 Ballistics
29:04 Double-Bit Axe
29:10 Gold Mining
31:12 Hand Cart
32:13 Leather Archer Armor
JLoops
6:29 Loom
8:58 Feudal Age
9:31 Double-Bit Axe
16:37 Wheelbarrow
18:40 Scale Barding Armor
19:11 Bloodlines
19:46 Forging
23:40 Castle Age
23:17 Horse Collar
23:37 Gold Mining
24:56 Chain Barding Armor
25:11 Bow Saw
25:58 Husbandry
29:18 Fletching
32:51 Heavy Plow
ds_manu2
0:25 Loom
2:10 Loom
10:53 Feudal Age
13:05 Double-Bit Axe
16:58 Fletching
20:40 Forging
21:35 Padded Archer Armor
26:54 Castle Age
26:59 Crossbowman
27:45 Thumb Ring
27:37 Bodkin Arrow
27:57 Leather Archer Armor
28:10 Leather Archer Armor
ME_DEPRIME_JUGAR_CON_USTEDES
3:33 Loom
10:25 Feudal Age
16:23 Fletching
21:07 Padded Archer Armor
25:35 Castle Age
26:18 Wheelbarrow
31:56 Double-Bit Axe
32:46 Horse Collar
Connection lost

Rejoining the realm…

Still unreachable

The connection could not be restored.

Session expired

The server has moved on; the page needs a fresh start.